 Dungeon Crawl Stone Soup version 0.16-a0-3928-g3e66e92 (console) character file.

7 mauris the Cutter (level 2, 23/23 HPs) *WIZ*
             Began as a Merfolk Berserker on Mar 15, 2015.
             Was an Initiate of Nemelex Xobeh.
             Quit the game on level 1 of the Dungeon.
             The game lasted 00:09:00 (128 turns).

mauris the Cutter (Merfolk Berserker)                Turns: 128, Time: 00:09:00

Health: 23/23      AC:  1    Str: 17    XL:     2   Next: 0%
Magic:  2/2        EV: 12    Int:  6    God:    Nemelex Xobeh 15 (0)
Gold:   7          SH:  0    Dex: 13    Spells: 0 memorised, 1 level left

rFire  . . .     SeeInvis .     (no weapon)
rCold  . . .     Clarity  .     b - +0 animal skin
rNeg   . . .     SustAb   .     (no shield)
rPois  .         Gourm    .     (no helmet)
rElec  .         Spirit   .     (no cloak)
rCorr  .         Warding  .     (no gloves)
rMut   .         Stasis   .     (no boots)
MR     .....                    (no amulet)
Stlth  +.........               (no ring)
                                (no ring)

@: not resistant to hostile enchantments, very unstealthy
A: change form in water, swift swim, deformed body
a: Renounce Religion


You were on level 1 of the Dungeon.
You worshipped Nemelex Xobeh.
Nemelex Xobeh was noncommittal.
You were not hungry.

You visited 1 branch of the dungeon, and saw 1 of its levels.

You collected 7 gold pieces.

Inventory:

Hand weapons
 a - a +0 short sword
Armour
 b - a +0 animal skin (worn)
Potions
 e - a potion of curing {unknown}
Comestibles
 c - a bread ration


   Skills:
 + Level 2.7 Fighting
 + Level 4.0 Short Blades
 + Level 2.1 Armour
 + Level 2.1 Dodging


You had one spell level left.
You didn't know any spells.

Dungeon Overview and Level Annotations

Branches:
Dungeon (1/15)

Altars:


Innate Abilities, Weirdness & Mutations

You revert to your normal form in water.
You are very nimble and swift while swimming.
Armour fits poorly on your strangely shaped body.


Message History

Why would you want to do that?
Take off which item? (? for menu, Esc to quit)
Okay, then.
You aren't carrying any items that can be evoked.
Unknown command.
Take off which item? (? for menu, Esc to quit)
Okay, then.
What do you say? t - Shout!
Orders for allies: a - Attack new target. r - Retreat! s - Stop attacking. w - Wait here. f - Follow me.
Anything else - Stay silent.
Okay, then.
Fire/throw which item? (* to show all) (? for menu, Esc to quit)
Press: ? - help, Shift-Dir - straight line You toss away the +5 quick blades "Gyre" and "Gimble" {pierce, Dex-3}.
You hear a sizzling splash.
Why would you want to do that?
Are you sure you want to abandon this character and quit the game? (Confirm with "yes".)

.. #.
#.## #..#
####§####
#§≈≈§≈≈§#
+§≈§≈≈≈.+
#§§§...≈#
#≈≈.<@≈≈#
#§§§§..≈#
+§≈≈≈≈≈.+
#§§§§≈§≈#
####.####
... ####


There were no monsters in sight!

Vanquished Creatures
  A spectral quokka (D:1)
1 creature vanquished.

Notes
Turn   | Place    | Note
--------------------------------------------------------------
     0 | D:1      | mauris, the Halfling Berserker, began the quest for the Orb.
     0 | D:1      | Reached XP level 1. HP: 15/15 MP: 1/1
     0 | D:1      | Entered wizard mode.
     0 | D:1      | Identified the +6 Sword of Cerebov {flame}
     0 | D:1      | Identified the +4 Staff of Dispater
     0 | D:1      | Identified the +7 Sceptre of Asmodeus
     0 | D:1      | Identified the +1 faerie dragon armour {rElec rN+ MP+9 Slay-4}
     0 | D:1      | Identified the cursed -5 robe of Misfortune {-Cast Contam *Tele EV-4 Str-2 Int-2 Dex-2 Stlth-- Curse}
     0 | D:1      | Identified the +4 dragonskin cloak
     0 | D:1      | Identified a ring of the Octopus King {MP+9 AC+1 EV+1 Str+1 Int+1 Dex+1}
     0 | D:1      | Identified a ring of the Octopus King {SustAb AC+1 EV+1 Str+1 Int+1 Dex+1}
     0 | D:1      | Identified a ring of the Octopus King {rF+ AC+1 EV+1 Str+1 Int+1 Dex+1}
     0 | D:1      | Identified a ring of the Octopus King {rN+ AC+1 EV+1 Str+1 Int+1 Dex+1}
     0 | D:1      | Identified a ring of the Octopus King {Wiz AC+1 EV+1 Str+1 Int+1 Dex+1}
     0 | D:1      | Identified a ring of the Octopus King {AC+1 EV+1 Str+1 Int+1 Dex+1 Stlth+}
     0 | D:1      | Identified a ring of the Octopus King {rC+ AC+1 EV+1 Str+1 Int+1 Dex+1}
     0 | D:1      | Identified a ring of the Octopus King {AC+1 EV+1 Str+1 Int+1 Dex+1 SInv}
    58 | D:1      | Reached XP level 2. HP: 20/20 MP: 2/2
    67 | D:1      | Fell from the grace of Trog
    67 | D:1      | Became a worshipper of Elyvilon the Healer
    72 | D:1      | Fell from the grace of Elyvilon
    72 | D:1      | Became a worshipper of Nemelex Xobeh the Trickster
   100 | D:1      | Gained mutation: Armour fits poorly on your strangely shaped body. [wizard power]
   128 | D:1      | Quit the game

Action                   || total
-------------------------++-------
Melee: Quick blades      ||     1
 Stab: Sleeping          ||     1
